 Dungeon Crawl Stone Soup version 0.25-a0-265-g7af84ae0ac (webtiles) character file.

Game seed: 13430833429817584782, levelgen mode: deterministic

84 floatRand the Shield-Bearer (level 4, -2/35 HPs)
             Began as a Demonspawn Fighter on Dec 7, 2019.
             Slain by a worm (9 damage)
             ... on level 4 of the Dungeon.
             The game lasted 00:02:17 (1574 turns).

floatRand the Shield-Bearer (Demonspawn Fighter)    Turns: 1574, Time: 00:02:18

Health: -2/35      AC:  6    Str: 22    XL:     4   Next: 23%
Magic:  4/4        EV:  7    Int:  9    God:
Gold:   126        SH: 10    Dex: 13    Spells: 3/3 levels left

rFire    . . .     SeeInvis .   a - +0 trident
rCold    . . .     Gourm    .   c - +0 shield
rNeg     . . .     Faith    .   b - +0 scale mail
rPois    .         Spirit   .   (helmet restricted)
rElec    .         Reflect  .   (no cloak)
rCorr    .         Harm     .   (no gloves)
MR       .....                  (no boots)
Stlth    ..........             (no amulet)
HPRegen  0.11/turn              (no ring)
MPRegen  0.09/turn              (no ring)

@: mighty
A: antennae 1, demonic guardian 1
a: no special abilities


You were on level 4 of the Dungeon.
You were not hungry.

You visited 1 branch of the dungeon, and saw 3 of its levels.

You collected 126 gold pieces.

Inventory:

Hand Weapons
 a - a +0 trident (weapon)
Armour
 b - a +0 scale mail (worn)
 c - a +0 shield (worn)
Scrolls
 i - 2 scrolls of identify {unknown}
 j - a scroll of teleportation {unknown}
 l - a scroll of enchant weapon {unknown}
 m - a scroll of fog {unknown}
 n - a scroll of fear {unknown}
Potions
 e - a potion of heal wounds {unknown}
 g - a potion of curing {unknown}
 h - a potion of agility {unknown}
 k - a potion of berserk rage {unknown}
Comestibles
 f - a ration


   Skills:
 - Level 3.0 Fighting
 + Level 3.1 Polearms
 - Level 2.6 Armour
 + Level 3.8 Shields


You had 3 spell levels left.
You didn't know any spells.
Your spell library was empty.

Dungeon Overview and Level Annotations

Branches:
Dungeon (2/15)

Altars:

Portals:
Sewer: D:4


Innate Abilities, Weirdness & Mutations

You have a pair of small antennae on your head.
A weak demonic guardian rushes to your aid.


Message History

Press: ? - help, Dir - move target cursor, f/p - worker ant
Aim: a worker ant (severely wounded)
You hit the worker ant.
You kill the worker ant!
You have reached level 4!
You feel stronger.
Your demonic ancestry asserts itself...
You feel the presence of a demonic guardian.
Attack whom?
Press: ? - help, Dir - move target cursor, f - ooze
Aim: an ooze You hit the ooze.
The ooze is moderately wounded.
The ooze barely misses you.
Attack whom?
Press: ? - help, Dir - move target cursor, f/p - ooze
Aim: an ooze (moderately wounded)
Your shield prevents you from hitting the ooze.
The ooze is moderately wounded.
The ooze hits you but does no damage. The worm bites you!
You die...

.####.. )...###....
.......###..........
#≈.....#..........
#≈≈....##........ ..
#≈≈≈≈..........## ...
#≈≈≈≈...........#.... ..
#∩≈≈≈≈......#..##...$ ...#
######.....##........
#.#.##..#.w@.....#........
#...#..##.J.............# .
#.......#..##%.#...####
#.#.....w##†.....#...####
#........##.............#
#.........##.....##........#
............#.....##........#
................#.......#..##
................####.....###


You could see a worm, an ooze and a dart slug.

Vanquished Creatures
  A worker ant (D:4)
  An adder (D:2)
  2 worms (D:4)
  2 dart slugs (D:1)
  A leopard gecko (D:4)
  8 bats
  3 giant cockroaches
  3 goblins (D:1)
  3 hobgoblins
  A ball python (D:2)
  6 frilled lizards
  4 kobolds
  15 rats
50 creatures vanquished.

Notes
Turn   | Place    | Note
-------+----------+-------------------------------------------
     0 | D:1      | floatRand the Demonspawn Fighter began the quest for the
                  | Orb.
     0 | D:1      | Reached XP level 1. HP: 18/18 MP: 1/1
   154 | D:1      | Gained mutation: You have a pair of small antennae on your
                  | head. [demonic ancestry]
   154 | D:1      | Reached XP level 2. HP: 8/24 MP: 2/2
   889 | D:1      | Reached XP level 3. HP: 29/29 MP: 3/3
  1462 | D:2      | You fall into a shaft and drop 2 floors!
  1496 | D:4      | Found a glowing drain.
  1572 | D:4      | Gained mutation: A weak demonic guardian rushes to your
                  | aid. [demonic ancestry]
  1572 | D:4      | Reached XP level 4. HP: 7/35 MP: 4/4
  1574 | D:4      | Slain by a worm

Levels and vault maps discovered:
D:1:      dpeg_arrival_ratfight, layout_basic, kennysheep_pointless_box,
          roderic_lattice_a, minmay_splitting_lines
D:2:      layout_rooms, hangedman_decor_points
D:4:      layout_cave_pools, portal_sewer_entry_b, uniq_crazy_yiuf_cottage

Skill      XL: |  1  2  3 |
---------------+----------+-----
Polearms       | 2 3 |  3.1
Shields        | 3 |  3.8
Fighting       | |  3.0
Armour         | |  2.6

Action                   |  1- 3 |  4- 6 || total
-------------------------+-------+-------++-------
Melee: Trident           |   162 |     2 ||   164
  Use: Potion            |     1 |       ||     1
  Eat: Chunk             |     2 |       ||     2
Armor: Scale mail        |    63 |     1 ||    64
Dodge: Dodged            |    41 |     1 ||    42
Block: Shield            |    70 |       ||    70

Table legend:
 A = Non-vault XP
 B = Vault XP
 C = Vault XP percentage of total XP
 D = Non-vault monster count
 E = Vault monster count
 F = Vault count percentage of total count
                 A         B        C        D         E       F
            +---------+---------+-------+---------+---------+-------
      Total |     102 |      18 |  15.0 |      40 |      10 |  20.0
            +---------+---------+-------+---------+---------+-------
        D:1 |      39 |       5 |  11.4 |      25 |       5 |  16.7
        D:2 |      28 |       0 |   0.0 |      13 |       0 |   0.0
        D:4 |      35 |      13 |  27.1 |       2 |       5 |  71.4
            +---------+---------+-------+---------+---------+-------
